 Dungeon Crawl Stone Soup version 0.13-a0-1590-g33f0eee (webtiles) character file.

192 Jenx the Skirmisher (level 4, -1/40 HPs)
             Began as a Lava Orc Berserker on June 13, 2013.
             Was a Believer of Trog.
             Killed by divine providence
             ... invoked by an orc priest
              (16 damage)
             ... on Level 3 of the Dungeon on Oct 6, 2013.
             The game lasted 00:05:46 (2006 turns).

Jenx the Skirmisher (Lava Orc Berserker)            Turns: 2006, Time: 00:05:47

HP  -1/40        AC 13     Str 20      XL: 4   Next:  0%
MP   3/3         EV  7     Int  7      God: Trog [**....]
Gold 125         SH  0     Dex 10      Spells:  0 memorised,  3 levels left

Res.Fire  : + + .   See Invis. : .   a - +0 orc hand axe {=f}
Res.Cold  : . . .   Warding    : .   b - +0 chain mail
Life Prot.: . . .   Conserve   : .   (no shield)
Res.Poison: .       Res.Corr.  : .   (no helmet)
Res.Elec. : .       Clarity    : .   e - +2 elf cloak
Sust.Abil.: . .     Spirit.Shd : .   (no gloves)
Res.Mut.  : .       Stasis     : .   j - +0 pair of boots
Res.Rott. : .       Flight     : .   (no amulet)
Saprovore : + . .                    (no ring)
                                     (no ring)

@: regenerating, quite resistant to hostile enchantments, extremely unstealthy
A: conserve scrolls, saprovore 1
a: Burn Spellbooks, Berserk, Trog's Hand, Renounce Religion


You were on level 3 of the Dungeon.
You worshipped Trog.
Trog was most pleased with you.
You were near starving.

You visited 1 branch of the dungeon, and saw 3 of its levels.

You collected 105 gold pieces.

Inventory:

Hand weapons
 a - a +0,+0 orcish hand axe (weapon) {=f}
Missiles
 r - 6 javelins (quivered)
Armour
 b - a +0 chain mail (worn)
 e - a +2 elven cloak (worn)
 j - a +0 pair of boots (worn)
Comestibles
 c - 3 meat rations
 g - 2 bread rations
 k - an apple
 n - a choko
Scrolls
 f - 2 scrolls of identify {unknown}
 h - 2 scrolls of remove curse {unknown}
 i - 2 scrolls of amnesia {unknown}
 l - a scroll of curse jewellery {unknown}
 m - a scroll of fear {unknown}
 q - a scroll of curse weapon {unknown}
 s - a scroll of recharging {unknown}
Potions
 d - a potion of heal wounds {unknown}
 o - 2 potions of curing {unknown}
 p - a potion of brilliance {unknown}
 t - 2 potions of mutation {unknown}


   Skills:
 - Level 5.0 Fighting
 - Level 4.1 Axes
 + Level 3.0 Armour
 - Level 1.5 Dodging


You had 3 spell levels left.
You didn't know any spells.

Dungeon Overview and Level Annotations

Branches:
Dungeon (3/27)

Altars:


Innate Abilities, Weirdness & Mutations

You have stony skin.
You cover ground slowly.
Your flesh is very heat resistant.
Your lava-based spells are more powerful.
Your flesh is vulnerable to cold.
Your heat harms attackers.
You bathe your surroundings in blazing heat.
You are too hot to use scrolls.
You are very good at protecting items from fire.
You can tolerate rotten meat.


Message History

The orc priest calls upon Beogh to heal the orc wizard.
The orc wizard is healed somewhat.
You closely miss the orc wizard.
The orc wizard is lightly wounded.
The orc wizard casts a spell at you. The magic dart hits you!
The orc wizard casts a spell at you. The puff of frost hits you!
The orc priest calls upon Beogh to heal the orc wizard.
The orc wizard's wounds heal themselves!
Use which ability? (? or * to list)
Your skin crawls.
You feel resistant to hostile enchantments.
You feel slightly more hungry.
Your stony skin melts.
The orc wizard casts a spell at you. The magic dart hits you!
The orc priest invokes the aid of Beogh against you.
Something smites you!
You die...

#.....#.# ..#.. #.#...
#.###.#.# #.#.# #.#.##
#.#...#.# #.#.# #.#...
#.#####.###.#.###.####
#...........#.........
#.#########.#.######## #.#
.o#...#.#.....#... #.#
#o#.#[#.#.###.#.## #.#
#@#.#.#.#...#.#.##
#.#####.###.#.###.#####.#.##
#...........#...........#...
####.######.#############.##
#. #.# #......... # #.#
#.######## #.# #.########
#.# #......... ...
#.########


You could see an orc priest and an orc wizard.

Vanquished Creatures
  2 adders (D:2)
  A worm (D:2)
  A giant mite (D:2)
  A giant gecko (D:1)
  An orc (D:3)
  2 ball pythons
  5 bats
  3 giant cockroaches
  5 goblins
  4 hobgoblins (D:1)
  A giant newt (D:2)
  7 kobolds
  6 rats
39 creatures vanquished.

Notes
Turn   | Place    | Note
--------------------------------------------------------------
     0 | D:1      | Jenx, the Lava Orc Berserker, began the quest for the Orb.
     0 | D:1      | Reached XP level 1. HP: 19/19 MP: 0/0
    68 | D:1      | Reached skill level 4 in Axes
   298 | D:1      | Reached XP level 2. HP: 26/26 MP: 1/1
   827 | D:2      | Reached XP level 3. HP: 33/33 MP: 2/2
   831 | D:2      | Acquired Trog's second power
   950 | D:2      | Reached skill level 5 in Fighting
  2000 | D:3      | Reached XP level 4. HP: 40/40 MP: 3/3
  2006 | D:3      | Killed from afar by an orc priest

Action                   |  1- 3 |  4- 6 || total
-------------------------+-------+-------++-------
Melee: Hand axe          |   113 |     4 ||   117
Invok: Trog's Hand       |       |     1 ||     1
